 Dungeon Crawl Stone Soup version 0.24.0-123-gd5b16e6ec5 (webtiles) character file.

Game seed: 9156242356273090612, levelgen mode: deterministic

30 Elellon the Cudgeler (level 3, -2/23 HPs)
             Began as a Gargoyle Fighter on Jan 2, 2020.
             Slain by Sigmund
             ... wielding a cursed -1 scythe
              (4 damage)
             ... on level 2 of the Dungeon.
             The game lasted 00:01:49 (605 turns).

Elellon the Cudgeler (Gargoyle Fighter)              Turns: 605, Time: 00:01:49

Health: -2/23      AC: 12    Str: 20    XL:     3   Next: 20%
Magic:  3/3        EV:  7    Int:  8    God:
Gold:   82         SH:  9    Dex:  9    Spells: 2/2 levels left

rFire    . . .     SeeInvis .   a - +0 flail
rCold    . . .     Gourm    .   c - +0 shield
rNeg     + . .     Faith    .   b - +0 scale mail
rPois    ∞         Spirit   .   (no helmet)
rElec    +         Reflect  .   (no cloak)
rCorr    .         Harm     .   (no gloves)
MR       .....                  h - +1 pair of boots
Stlth    ..........             (no amulet)
HPRegen  0.07/turn              (no ring)
MPRegen  0.08/turn              (no ring)

@: no status effects
A: negative energy resistance 1, electricity resistance, unbreathing,
petrification resistance, rot immunity, AC +3
a: no special abilities


You were on level 2 of the Dungeon.
You were not hungry.

You visited 1 branch of the dungeon, and saw 2 of its levels.

You collected 82 gold pieces.

Inventory:

Hand Weapons
 a - a +0 flail (weapon)
Armour
 b - a +0 scale mail (worn)
 c - a +0 shield (worn)
 h - a +1 pair of boots (worn)
Jewellery
 i - a cursed +2 ring of evasion {unknown}
Scrolls
 e - 2 scrolls of remove curse {unknown}
 g - a scroll of identify {unknown}
Potions
 d - a potion of might
Comestibles
 f - 5 rations
 j - 2 chunks of flesh


   Skills:
 - Level 3.2 Fighting
 + Level 3.4 Maces & Flails
 - Level 3.2 Armour
 + Level 0.2 Dodging
 + Level 0.6 Stealth
 - Level 3.2 Shields


You had 2 spell levels left.
You didn't know any spells.
Your spell library was empty.

Dungeon Overview and Level Annotations

Branches:
Dungeon (2/15)

Altars:
Qazlal

Annotations:
D:2 Sigmund


Innate Abilities, Weirdness & Mutations

You are resistant to torment.
Your stone body is resilient. (AC +3)
You are immune to poison.
You resist negative energy. (rN+)
You are resistant to electric shocks. (rElec)
You can survive without breathing.
You are immune to petrification.
You are immune to rotting.


Message History

Something hits you!
* * * LOW HITPOINT WARNING * * *
You closely miss the frilled lizard.
You feel less confused. The frilled lizard closely misses you.
The adder bites you but does no damage. Something hits you but does no damage.
You closely miss the frilled lizard. The adder bites you but does no damage.
The frilled lizard closely misses you. The adder completely misses you.
The frilled lizard bites you but does no damage.
You miss the frilled lizard. You block something's attack.
The adder bites you but does no damage. The frilled lizard barely misses you.
The adder bites you but does no damage.
You closely miss the frilled lizard.
Sigmund appears from thin air!
Reactivating autopickup.
You block Sigmund's attack. You block the frilled lizard's attack.
You block the adder's attack.
You closely miss the frilled lizard. The adder barely misses you.
You block the frilled lizard's attack.
Sigmund hits you from afar with a cursed -1 scythe.
You die...

# #. #.. #...
##### #.... #...#
#.....##...# ##
......†'...+ ..
......##...####.#
..... #<#..@l@..#
.### #.#.####S##
#.#.# .# #.#.# .#
#.#.# .# #.#.# _.
#.#.. .# #.## ..
#.#


You could see Sigmund, an adder and a frilled lizard.

Vanquished Creatures
  2 dart slugs (D:1)
  2 giant cockroaches
  A goblin (D:1)
  4 hobgoblins (D:1)
  5 jackals
  5 bats (D:1)
  A kobold (D:1)
  2 rats (D:1)
22 creatures vanquished.

Notes
Turn   | Place    | Note
-------+----------+-------------------------------------------
     0 | D:1      | Elellon the Gargoyle Fighter began the quest for the Orb.
     0 | D:1      | Reached XP level 1. HP: 14/14 MP: 1/1
    72 | D:1      | Reached XP level 2. HP: 19/19 MP: 2/2
   484 | D:1      | Reached XP level 3. HP: 23/23 MP: 3/3
   576 | D:2      | Noticed Sigmund
   599 | D:2      | Found a stormy altar of Qazlal.
   605 | D:2      | Slain by Sigmund

Levels and vault maps discovered:
D:1:      giann_horns, layout_basic, corner_web_ring
D:2:      layout_basic, yredelemnul_altar_generic, lemuel_crystal_altar,
          minmay_misc_feat_tiny, minivault_11, lemuel_old_faithful,
          uniq_sigmund, uniq_natasha

Skill      XL: |  1  2 |
---------------+-------+-----
Maces & Flails | 3 |  3.4
Fighting       | |  3.2
Armour         | |  3.2
Dodging        | |  0.2
Stealth        | |  0.6
Shields        | |  3.2

Action                   || total
-------------------------++-------
Melee: Flail             ||    76
Armor: Scale mail        ||    42
Dodge: Dodged            ||    32
Block: Shield            ||    59
